 Dungeon Crawl Stone Soup version 0.23-a0-449-g8e4cbf7 (webtiles) character file.

207154 Lavandula the Stickfighter (level 18, -3/168 HPs)
             Began as a Naga Air Elementalist on Nov 21, 2018.
             Was a High Priest of Ru.
             Slain by a skeletal warrior
             ... wielding a +0 hand axe
             ... led by a skeletal warrior
              (13 damage)
             ... on level 2 of the Crypt.
             The game lasted 01:59:02 (17239 turns).

Lavandula the Stickfighter (Naga Air Elementalist) Turns: 17239, Time: 01:59:03

Health: -3/168     AC: 20    Str: 19    XL:     18   Next: 22%
Magic:  25/34      EV:  9    Int: 18    God:    Ru [*****.]
Gold:   374        SH:  2    Dex: 15    Spells: 12/42 levels left

rFire    x . .     SeeInvis +   L - +5 lajatang (vamp)
rCold    x . .     Gourm    .   (shield currently unavailable)
rNeg     . . .     Faith    .   l - +3 troll leather armour {Purgy}
rPois    +         Spirit   .   m - +2 hat
rElec    +         Reflect  +   b - scarf {repulsion}
rCorr    .         Harm     .   p - +2 pair of gloves {Str+3}
MR       +++..                  R - +0 naga barding
Stlth    +++.......             d - +2 amulet of reflection
HPRegen  0.78/turn              Q - ring of protection from magic
MPRegen  0.24/turn              F - +3 ring of dexterity

@: exhausted, flayed, no potions, no scrolls, very slightly contaminated, very
heavily drained, repel missiles, very slow
A: large, see invisible, deformed body, poison resistance, electricity
resistance, slowness 2, slow metabolism 1, spit poison 2, inability to drink
while threatened, inability to read while threatened, MP-powered wands,
constrict 1, temperature sensitive, AC +6
}: 2/15 runes: serpentine, barnacled
a: Breathe Poison Gas, Draw Out Power, Power Leap, Apocalypse, Renounce Religion


You were on level 2 of the Crypt.
You worshipped Ru.
Ru was extremely pleased with you.
You were not hungry.

You visited 8 branches of the dungeon, and saw 38 of its levels.
You also visited: Labyrinth, Sewer and Ice Cave.

You collected 2179 gold pieces.
You spent 1805 gold pieces at shops.

Inventory:

Hand Weapons
 h - a +4 quarterstaff of chaos
 w - a +3 triple sword of holy wrath
 L - a +5 vampiric lajatang (weapon)
Missiles
 x - 7 poisoned javelins (quivered)
 Y - 2 throwing nets
Armour
 b - a scarf of repulsion (worn)
 i - a +2 buckler of cold resistance
 l - a +3 troll leather armour (worn) {Purgy}
 m - a +2 hat (worn)
 p - a +2 pair of gloves of strength (worn)
 v - +0 acid dragon scales
 D - a +2 robe of resistance
 J - +0 ice dragon scales
 R - a +0 naga barding (worn)
Magical Staves
 N - an uncursed staff of wizardry
Jewellery
 d - a +2 amulet of reflection (around neck)
 g - an uncursed amulet of guardian spirit
 A - an uncursed ring of fire
 F - a +3 ring of dexterity (right hand)
 M - an uncursed ring of magical power
 Q - a ring of protection from magic (left hand)
 U - an uncursed ring of wizardry
 W - the ring of Qawnoe {rC+ Str+3}
   (You took it off a merfolk javelineer on level 4 of the Shoals)

   [ring of protection from cold]

   It affects your strength (+3).
   It protects you from cold.
Wands
 a - a wand of iceblast (54)
 q - a wand of acid (10)
 r - a wand of digging (5)
 z - a wand of flame (63)
 B - a wand of disintegration (8)
 C - a wand of random effects (12)
 G - a wand of paralysis (7)
 Z - a wand of scattershot (1)
Scrolls
 k - a scroll of fog
 n - 2 scrolls of fear
 o - 5 scrolls of teleportation
 s - a scroll of immolation
 t - 7 scrolls of remove curse
 u - 3 scrolls of blinking
 y - 4 scrolls of vulnerability
 E - a scroll of brand weapon
 V - a scroll of identify
 X - 2 scrolls of amnesia
Potions
 f - 4 potions of brilliance
 j - 4 potions of might
 H - 5 potions of curing
 I - a potion of heal wounds
 K - 2 potions of cancellation
 O - 3 potions of agility
 P - a potion of flight
 S - a potion of magic
 T - a potion of haste
Miscellaneous
 e - a lamp of fire (inert)
Comestibles
 c - 27 rations


   Skills:
 - Level 12.1(6.9) Fighting
 + Level 4.2(0.0) Long Blades
 - Level 15.0(9.3) Staves
   Level 12.5(7.2) Slings
 - Level 5.1(0.7) Armour
 - Level 9.0(4.1) Dodging
 - Level 12.4(7.1) Stealth
 - Level 12.7(7.3) Spellcasting
 - Level 3.0(0.0) Conjurations
 - Level 3.8(0.0) Charms
 - Level 3.0(0.0) Summonings
 - Level 5.4(1.0) Necromancy
 - Level 2.9(0.0) Translocations
 - Level 6.1(1.6) Air Magic
 - Level 9.3(4.4) Poison Magic
 - Level 6.1(1.6) Evocations


You had 12 spell levels left.
You knew the following spells:

 Your Spells              Type           Power        Failure   Level  Hunger
a - Shock                 Conj/Air       #...         9%          1    None
b - Blink                 Tloc           N/A          19%         2    None
c - Swiftness             Chrm/Air       #.......     14%         2    None
d - Call Imp              Summ           #.......     19%         2    None
e - Mephitic Cloud        Conj/Pois/Air  ##......     16%         3    #......
f - Airstrike             Air            ##........   54%         4    ###....
g - Apportation           Tloc           #.....       12%         1    None
h - Regeneration          Chrm/Necr      #.........   30%         3    #......
i - Conjure Flame         Conj/Fire      #.......     36%         3    #......
j - Animate Dead          Necr           N/A          63%         4    ###....
k - Summon Butterflies    Summ           #.......     12%         1    None
l - Olgreb's Toxic Radia  Pois           ###.....     21%         4    ###....

Your spell library contained the following spells:

 Spells                   Type           Power        Failure   Level  Hunger
 Sting                    Conj/Pois      ##..         4%          1    None
 Poisonous Vapours        Pois/Air       ###...       5%          2    None
 Animate Skeleton         Necr           N/A          9%          1    None
 Pain                     Necr           ##..         9%          1    None
 Flame Tongue             Conj/Fire      #....        12%         1    None
 Magic Dart               Conj           #...         12%         1    None
 Slow                     Hex            #.......     19%         2    None
 Throw Flame              Conj/Fire      #.....       19%         2    None
 Vampiric Draining        Necr           ##........   24%         3    #......
 Static Discharge         Conj/Air       #.......     26%         3    #......
 Inner Flame              Hex/Fire       #.......     36%         3    #......
 Lesser Beckoning         Tloc           #.........   36%         3    #......
 Tukima's Dance           Hex            #.......     36%         3    #......
 Sticky Flame             Conj/Fire      #.......     77%         4    ###....
 Alistair's Intoxication  Tmut/Pois      ##......     80%         5    #####..
 Venom Bolt               Conj/Pois      ##........   80%         5    #####..
 Lightning Bolt           Conj/Air       #.........   94%         5    #####..
 Bolt of Magma            Conj/Fire/Erth #.........   98%         5    #####..
 Fireball                 Conj/Fire      #.........   98%         5    #####..
 Iskenderun's Battlesphe  Conj/Chrm      #.......     98%         5    #####..
 Freezing Cloud           Conj/Ice/Air   #.........   100%        6    ######.
 Invisibility             Hex            #.......     100%        6    ######.
 Iron Shot                Conj/Erth      #.........   100%        6    ######.
 Orb of Destruction       Conj           #.........   100%        7    #######
 Ring of Flames           Chrm/Fire      #.........   100%        7    #######
 Spellforged Servitor     Conj/Summ      #.........   100%        7    #######


Dungeon Overview and Level Annotations

Branches:
Dungeon (15/15)            Temple (1/1) D:4            Lair (6/6) D:9
 Shoals (4/4) Lair:2        Snake (4/4) Lair:4        Slime (0/5) Lair:6
    Orc (2/2) D:10            Elf (0/3) Orc:2        Vaults (3/5) D:13
  Crypt (3/3) Vaults:3
   Tomb: Crypt:3     Depths: D:15

Altars:
Ashenzari
Cheibriados
Dithmenos
Elyvilon
Gozag
Hepliaklqana
Makhleb
Nemelex Xobeh
Okawaru
Qazlal
Ru
Sif Muna
Uskayaw
Wu Jian
Xom
Yredelemnul
Zin
The Shining One
Beogh

Shops:
D:4 [:(%   D:9 [   Orc:1 (   Orc:2 }%*%

Annotations:
D:11 Fannar, Josephine
Lair:4 2 transporters, Appuhyh's ghost, journeyman NaWz


Innate Abilities, Weirdness & Mutations

You cannot wear boots.
Your serpentine skin is tough. (AC +6)
You have supernaturally acute eyesight. (SInv)
Armour fits poorly on your strangely shaped body.
Your system is resistant to poisons. (rPois)
You cover ground very slowly.
You have a slow metabolism.
You can exhale a cloud of poison.
You cannot drink potions while threatened.
You cannot read scrolls while threatened.
You can use your snake-like lower body to constrict enemies.
You are sensitive to extremes of temperature. (rF-, rC-)
You are resistant to electric shocks. (rElec)
You expend magic power (3 MP) to strengthen your wands.


Message History

Confirm with . or Enter, or press ? or * to list all spells.
The spell is very dangerous to cast (54% risk of failure)!
Continue anyway?
Okay, then.
Evoke which item? (* to show all) (? for menu, Esc to quit)
Aiming: Corrosive Bolt
Press: ? - help, Shift-Dir - straight line, f - flayed ghost, p - jiangshi
Aim: a flayed ghost (severely damaged)
The bolt of acid hits the skeletal warrior.
The skeletal warrior is splashed with acid.
The skeletal warrior is heavily damaged.
The bolt of acid hits the flayed ghost.
The flayed ghost is splashed with acid.
The acid corrodes the flayed ghost!
The flayed ghost is almost destroyed.
You feel a surge of power!
You constrict the skeletal warrior, but do no damage.
The jiangshi is engulfed in blazing flames. x2
The flayed ghost cries, "Feel what I felt!"
The jiangshi is engulfed in blazing flames.
The skeletal warrior hits you with a +0 hand axe!
You die...

...# ..# ..# ..# ###z#
##### #>..#
#########...# #§..#
#...#...#...#
#.§V######...#...#....
###Wz@................
####...###...####...
#...# #...# ###. #...#
#...# #. ##### #####
#. #. #) #) #.


You could see a skeletal warrior, a jiangshi and a flayed ghost.

Vanquished Creatures
  Sojobo (Vaults:2)
  Rupert (Lair:5)
  Polyphemus (Shoals:3)
  Gastronok (Lair:3)
  A tengu reaver (Vaults:3)
  A revenant (Crypt:2)
  10 nagarajas
  A vault warden (Vaults:1)
  A curse skull (Vaults:3)
  3 stone giants
  A vampire knight (Vaults:3)
  A minotaur (Lab)
  Snorg (D:14)
  5 merfolk javelineers (Shoals:4)
  An ettin (D:13)
  An eidolon (Crypt:2)
  A merfolk impaler (Shoals:2)
  A yaktaur captain (Vaults:3)
  Erolcha (D:11)
  4 vault guards
  3 naga warriors
  4 anacondas
  3 centaur warriors
  4 hydras
  A catoblepas (Shoals:2)
  A merfolk aquamancer (Shoals:3)
  An alligator snapping turtle (Shoals:3)
  2 ogre magi (Vaults:2)
  A merfolk avatar (Lair:6)
  10 two-headed ogres
  5 satyrs (Shoals:4)
  A vampire mage (Crypt:3)
  4 death yaks
  8 naga sharpshooters
  5 orc high priests (Orc:2)
  A tengu warrior (D:13)
  A shock serpent (Snake:2)
  A salamander mystic (Snake:3)
  6 skeletal warriors
  6 sea snakes
  A flayed ghost (Vaults:3)
  A wizard (Vaults:1)
  An ironbrand convoker (Vaults:1)
  2 naga ritualists
  11 harpies
  8 orc knights
  6 orc sorcerers (Orc:2)
  A wolf spider zombie (D:14)
  A mana viper (Snake:2)
  3 wolf spiders
  3 cyclopes
  6 ugly things
  10 fauns
  A shining eye (Lair:3)
  5 salamanders
  4 manticores
  6 black mambas
  7 elephants
  7 merfolk sirens
  Maurice (D:8)
  A vault sentinel (Vaults:3)
  A shock serpent zombie (Crypt:2)
  3 naga magi
  5 water nymphs
  3 ice statues (IceCv)
  8 spiny frogs
  10 guardian serpents
  6 rime drakes
  10 komodo dragons
  An efreet (D:13)
  10 ice devils (IceCv)
  4 freezing wraiths
  A tengu conjurer (D:13)
  4 wind drakes
  4 trolls
  20 merfolk
  A jumping spider (shapeshifter) (D:14)
  2 hornets
  A polar bear (Lair:6)
  8 slime creatures
  19 blink frogs
  A hornet (shapeshifter) (D:13)
  11 dream sheep
  9 hippogriffs
  2 snapping turtles (Shoals:4)
  A meliai zombie (D:13)
  4 flying skulls
  2 water elementals (Shoals:3)
  A spriggan (shapeshifter) (Vaults:3)
  A shadow (D:11)
  A redback (Orc:1)
  3 wyverns (Lair:6)
  3 wraiths
  A golden eye (shapeshifter) (Vaults:1)
  A tarantella (Orc:1)
  A hog (shapeshifter) (D:13)
  44 yaks
  A tyrant leech zombie (Crypt:1)
  4 basilisks
  2 vampire mosquitoes (D:12)
  2 hungry ghosts
  4 wargs
  17 nagas
  An acid dragon (D:11)
  A soldier ant (D:14)
  Purgy (Sewer)
  5 porcupines
  9 water moccasins
  An eye of draining (D:12)
  A sky beast (D:9)
  28 orc warriors
  A black bear (D:8)
  A necrophage (D:10)
  3 ice beasts
  3 phantoms
  5 boggarts (D:14)
  11 ogres
  8 centaurs
  Blork the orc (Orc:2)
  14 crocodiles
  4 bullfrogs
  2 big kobolds
  A gnoll sergeant (Orc:2)
  An earth elemental (Lab)
  2 scorpions
  19 killer bees
  A howler monkey (D:6)
  2 centaur zombies
  6 crimson imps
  7 hounds
  6 jellies
  17 orc priests
  Crazy Yiuf (D:6)
  3 centaur skeletons
  20 orc wizards
  3 iguanas
  7 hell rats (Lair:6)
  6 worker ants
  A killer bee zombie (D:10)
  3 hound zombies
  A hound skeleton (D:10)
  A worker ant zombie (D:11)
  A howler monkey skeleton (D:5)
  14 adders
  6 white imps (IceCv)
  8 ufetubi (IceCv)
  An ooze (D:2)
  An adder zombie (D:6)
  An iguana zombie (Crypt:1)
  An adder skeleton (D:5)
  A worm (D:2)
  3 leopard geckos
  53 orcs
  6 bats
  6 giant cockroaches
  6 goblins
  5 hobgoblins
  6 jackals
  5 kobolds
  4 quokkas
  2 frilled lizards
  3 leopard gecko skeletons
  2 rats
  A fungus (Lair:6)
773 creatures vanquished.

Vanquished Creatures (collateral kills)
  3 nagarajas (Snake:4)
  2 naga warriors (Snake:4)
  A naga sharpshooter (Snake:4)
  A shock serpent (Snake:4)
  2 black mambas (Snake:4)
  5 guardian serpents (Snake:4)
  4 naga magi (Snake:4)
  4 nagas (Snake:4)
  4 bats (Sewer)
26 creatures vanquished.

Vanquished Creatures (others)
  A tengu reaver (Vaults:3)
  A nagaraja (Snake:4)
  A reaper (IceCv)
  A merfolk javelineer (Shoals:4)
  A satyr (Shoals:4)
  A merfolk aquamancer (Shoals:4)
  2 naga sharpshooters
  A faun (Shoals:4)
  A slime creature (D:14)
  A mana viper (Lair:4)
  A komodo dragon (Lair:1)
  2 merfolk (Shoals:4)
  A yak (D:9)
  An orc warrior (Orc:2)
  An orc wizard (Orc:1)
  4 white imps (IceCv)
  3 ufetubi (IceCv)
  An orc (Orc:1)
  A bush (D:9)
  18 fungi
  53 plants
97 creatures vanquished.

Grand Total: 896 creatures vanquished

Notes
Turn   | Place    | Note
-------+----------+-------------------------------------------
     0 | D:1      | Lavandula the Naga Air Elementalist began the quest for the
                  | Orb.
     0 | D:1      | Reached XP level 1. HP: 15/15 MP: 3/3
    83 | D:1      | Reached XP level 2. HP: 22/22 MP: 3/5
   231 | D:2      | Reached XP level 3. HP: 28/28 MP: 4/7
   284 | D:2      | Found a sparkling altar of Nemelex Xobeh.
   336 | D:2      | Found an ornate altar of the Wu Jian Council.
   457 | D:3      | Found a shimmering altar of Xom.
   519 | D:3      | Reached XP level 4. HP: 33/36 MP: 6/8
   705 | D:3      | Reached skill level 1 in Fighting
   758 | D:4      | Found Unugiterr's Food Shoppe.
   773 | D:5      | Entered Level 5 of the Dungeon
   807 | D:6      | Noticed a water moccasin
   807 | D:6      | Noticed a phantom
   829 | D:5      | Noticed an ogre
   838 | D:5      | Killed an ogre
   838 | D:5      | Reached XP level 5. HP: 31/49 MP: 5/9
   960 | D:5      | Found a glowing drain.
   965 | D:5      | Noticed an ogre
   975 | D:5      | Killed an ogre
   975 | D:5      | Reached XP level 6. HP: 15/56 MP: 3/10
   984 | D:5      | Learned a level 2 spell: Blink
   987 | D:5      | Learned a level 2 spell: Swiftness
   990 | D:5      | Learned a level 2 spell: Call Imp
   994 | D:5      | Learned a level 3 spell: Mephitic Cloud
  1053 | Sewer    | Entered a sewer
  1100 | Sewer    | Noticed Purgy
  1122 | Sewer    | Killed Purgy
  1212 | D:5      | Reached XP level 7. HP: 63/63 MP: 6/11
  1440 | D:6      | Reached skill level 1 in Translocations
  1449 | D:6      | Noticed a hungry ghost
  1461 | D:6      | Killed a hungry ghost
  1690 | D:6      | Reached XP level 8. HP: 72/72 MP: 1/13
  1696 | D:6      | Learned a level 4 spell: Airstrike
  1863 | D:7      | Reached skill level 5 in Air Magic
  1865 | D:7      | Noticed a hippogriff
  2029 | D:6      | Found a runed door.
  2033 | D:6      | Noticed Crazy Yiuf
  2037 | D:6      | Killed Crazy Yiuf
  2083 | D:6      | Reached skill level 1 in Staves
  2101 | D:6      | Reached skill level 2 in Staves
  2221 | D:7      | Reached skill level 3 in Staves
  2245 | D:7      | Reached skill level 4 in Staves
  2327 | D:6      | Reached XP level 9. HP: 78/78 MP: 6/14
  2376 | D:4      | Found Bourui Aggy's Weapon Boutique.
  2410 | D:4      | Found a staircase to the Ecumenical Temple.
  2434 | D:4      | Reached skill level 5 in Staves
  2446 | Temple   | Entered the Ecumenical Temple
  2496 | Temple   | Became a worshipper of Ru the Awakened
  2568 | D:4      | Gained mutation: You are resistant to electric shocks.
                  | (rElec) [potion of mutation]
  2568 | D:4      | Gained mutation: You expend magic power (3 MP) to
                  | strengthen your wands. [potion of mutation]
  2568 | D:4      | Gained mutation: You can exhale a cloud of poison. [potion
                  | of mutation]
  2570 | D:4      | yeaaah
  2590 | D:3      | Reached skill level 1 in Evocations
  2603 | D:4      | Found Juguilat's Antique Armour Shop.
  2617 | D:4      | Bought a pair of runed gloves for 172 gold pieces
  2625 | D:4      | Found Adwochent's Book Shoppe.
  3317 | D:9      | Found a shattered altar of Ashenzari.
  3495 | D:9      | Reached skill level 6 in Staves
  3499 | D:9      | Reached skill level 7 in Staves
  3512 | D:9      | Reached skill level 8 in Staves
  3526 | D:9      | Gained mutation: You are sensitive to extremes of
                  | temperature. (rF-, rC-) [Ru sacrifice]
  3526 | D:9      | Reached * piety under Ru
  3526 | D:9      | Reached ** piety under Ru
  3553 | D:9      | Reached XP level 10. HP: 80/85 MP: 15/15
  3621 | D:10     | Entered Level 10 of the Dungeon
  3653 | D:10     | Learned a level 4 spell: Olgreb's Toxic Radiance
  3705 | D:10     | Found a staircase to the Orcish Mines.
  3716 | D:11     | Noticed a cyclops
  3724 | D:11     | Killed a cyclops
  3731 | D:11     | Reached skill level 5 in Poison Magic
  3760 | D:11     | Noticed Erolcha
  3765 | D:11     | Killed Erolcha
  3770 | D:11     | Got a scorched mace
  3771 | D:11     | Identified the +7 mace "Beimah" {crush, rPois rC+} (You
                  | found it on level 11 of the Dungeon)
  3825 | D:11     | Noticed a white ugly thing
  3836 | D:11     | Killed a white ugly thing
  3861 | D:11     | Noticed Fannar
  3889 | D:11     | Noticed Josephine
  3905 | D:11     | Found a labyrinth entrance.
  3908 | Lab      | Entered a labyrinth
  4087 | Lab      | Reached skill level 9 in Staves
  4864 | Lab      | Noticed a minotaur
  4889 | Lab      | Killed a minotaur
  4889 | Lab      | Reached skill level 10 in Staves
  4889 | Lab      | Reached XP level 11. HP: 81/91 MP: 7/18
  4909 | Lab      | Found the +4 dagger "Morg" {pain, MR+ Int+5}
  4994 | Orc:1    | Entered Level 1 of the Orcish Mines
  5060 | Orc:1    | Noticed an orc knight
  5079 | Orc:1    | Killed an orc knight
  5228 | Orc:1    | Noticed a wolf spider
  5228 | Orc:1    | Noticed a wolf spider
  5236 | Orc:1    | Reached skill level 11 in Staves
  5237 | Orc:1    | Killed a wolf spider
  5238 | Orc:1    | Killed a wolf spider
  5262 | Orc:2    | Entered Level 2 of the Orcish Mines
  5262 | Orc:2    | Noticed an orc high priest
  5268 | Orc:2    | Killed an orc high priest
  5268 | Orc:2    | Noticed an orc sorcerer
  5272 | Orc:2    | Noticed an orc high priest
  5278 | Orc:1    | Reached skill level 12 in Staves
  5436 | Orc:2    | Noticed a sun demon
  5443 | Orc:2    | Killed an orc high priest
  5547 | Orc:2    | Killed an orc sorcerer
  5552 | Orc:2    | Noticed an orc knight
  5585 | Orc:2    | Killed an orc knight
  5603 | Orc:2    | Noticed Blork the orc
  5613 | Orc:2    | Killed Blork the orc
  5613 | Orc:2    | Reached skill level 13 in Staves
  5628 | Orc:2    | Found a roughly hewn altar of Beogh.
  5635 | Orc:2    | Noticed a +4 long sword
  5650 | Orc:2    | Reached XP level 12. HP: 99/99 MP: 12/19
  5752 | Orc:2    | Noticed an orc high priest
  5793 | Orc:2    | Reached skill level 5 in Dodging
  5808 | Orc:2    | Killed an orc high priest
  5961 | Orc:2    | Noticed an orc high priest
  5965 | Orc:2    | Noticed an orc high priest
  5968 | Orc:2    | Killed an orc high priest
  6124 | Orc:2    | Found a staircase to the Elven Halls.
  6151 | Orc:2    | Noticed a sun demon
  6153 | Orc:2    | Killed an orc high priest
  6153 | Orc:2    | Reached skill level 5 in Fighting
  6186 | Orc:2    | Found Isaaca's Gadget Emporium.
  6190 | Orc:2    | Found Boalleul's Food Boutique.
  6196 | Orc:2    | Found Vuqudenn's Assorted Antiques.
  6198 | Orc:2    | Found Faagy's Food Emporium.
  6204 | Orc:2    | Bought a scroll labeled APPELIOMIE for 29 gold pieces
  6522 | Orc:1    | Reached skill level 5 in Spellcasting
  6582 | Orc:1    | Found Maotzu's Antique Weapon Emporium.
  6793 | Orc:2    | Bought a tubular onyx ring for 145 gold pieces
  6793 | Orc:2    | Bought a dented jasper amulet for 145 gold pieces
  6809 | Orc:2    | Bought a wand of paralysis (9) for 165 gold pieces
  6819 | Orc:2    | Bought a scroll of blinking for 217 gold pieces
  6819 | Orc:2    | Bought a scroll of identify for 58 gold pieces
  6819 | Orc:2    | Bought a scroll of identify for 58 gold pieces
  6819 | Orc:2    | Bought a potion of might for 116 gold pieces
  6918 | D:10     | Learned a level 3 spell: Regeneration
  6983 | D:11     | Reached skill level 1 in Necromancy
  7255 | D:8      | Noticed Maurice
  7279 | D:8      | Killed Maurice
  7279 | D:8      | Gained mutation: You can use your snake-like lower body to
                  | constrict enemies. [Naga growth]
  7279 | D:8      | Reached XP level 13. HP: 112/112 MP: 6/21
  7463 | D:8      | Reached skill level 5 in Necromancy
  7859 | D:9      | Reached skill level 1 in Charms
  7867 | D:9      | Found a staircase to the Lair.
  7911 | Lair:1   | Entered Level 1 of the Lair of Beasts
  8139 | Lair:3   | Found a frozen archway.
  8177 | IceCv    | Entered an ice cave
  8328 | IceCv    | Learned a level 3 spell: Conjure Flame
  8338 | IceCv    | Killed a reaper
  8349 | IceCv    | Gained mutation: You cannot read scrolls while threatened.
                  | [Ru sacrifice]
  8349 | IceCv    | Reached *** piety under Ru
  8349 | IceCv    | Reached **** piety under Ru
  8609 | IceCv    | Reached skill level 1 in Slings
  9124 | Lair:3   | Noticed Gastronok
  9193 | Lair:3   | Killed Gastronok
  9208 | Lair:4   | Found a staircase to the Snake Pit.
  9325 | Lair:4   | You fall through a shaft for 2 floors!
  9325 | Lair:6   | Entered Level 6 of the Lair of Beasts
  9348 | Lair:6   | Identified a scroll of acquirement
  9354 | Lair:6   | ahaha yes
  9430 | Lair:6   | HP: 4/117 [harpy (13)]
  9442 | Lair:6   | Reached XP level 14. HP: 32/124 MP: 11/23
  9538 | Lair:6   | Got a distressingly furry leather armour
  9557 | Lair:6   | Identified the +1 leather armour "Hujegoeh" {Dex+4} (You
                  | found it on level 6 of the Lair of Beasts)
  9611 | Lair:6   | Reached skill level 14 in Staves
  9644 | Lair:6   | HP: 6/124 [elephant (42)]
  9739 | Lair:6   | Reached skill level 15 in Staves
  9959 | Lair:6   | Found a staircase to the Slime Pits.
 10038 | Lair:5   | Noticed Rupert
 10061 | Lair:5   | Killed Rupert
 10379 | Lair:5   | Reached skill level 10 in Fighting
 10781 | Lair:4   | Found a transporter.
 10804 | Lair:4   | Noticed Appuhyh's ghost (journeyman NaWz)
 10811 | Lair:4   | Found a transporter.
 11408 | Lair:2   | Found a staircase to the Shoals.
 11440 | Shoals:1 | Entered Level 1 of the Shoals
 11449 | Shoals:1 | Reached skill level 10 in Slings
 11494 | Shoals:1 | Reached XP level 15. HP: 106/138 MP: 20/24
 11626 | Shoals:3 | Noticed Polyphemus
 12007 | Shoals:4 | Entered Level 4 of the Shoals
 12490 | Shoals:3 | Gained mutation: You cannot drink potions while threatened.
                  | [Ru sacrifice]
 12490 | Shoals:3 | Reached ***** piety under Ru
 12821 | Shoals:3 | Killed Polyphemus
 13127 | Shoals:4 | Reached skill level 1 in Armour
 13127 | Shoals:4 | Reached XP level 16. HP: 151/151 MP: 26/26
 13236 | Shoals:4 | Identified the ring of Qawnoe {rC+ Str+3}
 13310 | Shoals:4 | Got a barnacled rune of Zot
 13552 | Snake:1  | Entered Level 1 of the Snake Pit
 13579 | Snake:1  | Reached skill level 5 in Armour
 13661 | Snake:2  | Noticed a nagaraja
 13672 | Snake:2  | Killed a nagaraja
 13785 | Snake:3  | Found a basalt altar of Yredelemnul.
 13860 | Snake:3  | Noticed a nagaraja
 13870 | Snake:3  | Killed a nagaraja
 13997 | Snake:4  | Entered Level 4 of the Snake Pit
 13997 | Snake:4  | Noticed a nagaraja
 13997 | Snake:4  | Noticed a nagaraja
 13997 | Snake:4  | Noticed a nagaraja
 13997 | Snake:4  | Noticed a nagaraja
 14010 | Snake:4  | Killed a nagaraja
 14013 | Snake:4  | Killed a nagaraja
 14014 | Snake:4  | Killed a nagaraja
 14014 | Snake:4  | Reached skill level 10 in Spellcasting
 14019 | Snake:4  | Killed a nagaraja
 14026 | Snake:4  | Noticed a nagaraja
 14078 | Snake:3  | Learned a level 4 spell: Animate Dead
 14083 | Snake:4  | Noticed a nagaraja
 14087 | Snake:4  | Killed a nagaraja
 14108 | Snake:4  | Killed a nagaraja
 14113 | Snake:4  | Noticed a nagaraja
 14125 | Snake:4  | Killed a nagaraja
 14126 | Snake:4  | Reached XP level 17. HP: 125/157 MP: 28/32
 14227 | Snake:4  | Got a serpentine rune of Zot
 14478 | D:9      | Found Pusemnig's Armour Shoppe.
 14632 | D:4      | Bought a book of Party Tricks for 700 gold pieces
 14634 | D:4      | Learned a level 1 spell: Summon Butterflies
 14636 | D:4      | Learned a level 1 spell: Apportation
 14993 | D:14     | Noticed Snorg
 15002 | D:14     | Killed Snorg
 15262 | D:15     | Entered Level 15 of the Dungeon
 16117 | D:13     | Found a gate to the Vaults.
 16123 | Vaults:1 | Entered Level 1 of the Vaults
 16189 | Vaults:1 | Reached skill level 5 in Stealth
 16400 | Vaults:3 | Reached skill level 10 in Stealth
 16524 | Vaults:3 | Found a staircase to the Crypt.
 16544 | Vaults:3 | Noticed Sojobo
 16656 | Vaults:2 | Killed Sojobo
 16656 | Vaults:2 | Reached skill level 5 in Evocations
 16656 | Vaults:2 | Reached XP level 18. HP: 104/168 MP: 17/34
 16894 | Crypt:1  | Entered Level 1 of the Crypt
 17109 | Crypt:2  | Reached skill level 1 in Long Blades
 17185 | Crypt:3  | Entered Level 3 of the Crypt
 17239 | Crypt:2  | Slain by a skeletal warrior

Vault maps used:
D:1:      psy_arrival_conway
D:2:      minmay_razor_zed, grunt_temple_overflow_growth_and_decay,
          overflow_temple_1_default, nicolae_overflow_crystal_walls
D:3:      led_xom_imps, first_ration
D:4:      temple_fountains, serial_shops, shop, kennysheep_little_box, shop,
          shop
D:5:      gup_sewer_entry_glass, uniq_ijyb
D:6:      chequers_serial_rivers_large_a, uniq_crazy_yiuf_cottage
D:7:      basic_altar
D:8:      hangedman_ranch, uniq_maurice
D:9:      overflow_temple_1_default, minmay_lair_entry_grove, basic_altar,
          serial_shops, shop, minivault_22, serial_bayou_pond_e, minmay_puff
D:10:     orc_0_dummy, kennysheep_generic_room_8
D:11:     lab_entry_generic, uniq_harold, uniq_fannar, uniq_erolcha,
          uniq_josephine
D:12:     wad_floor_pattern_2, kennysheep_generic_room_6, uniq_kirke
D:13:     david_vaults_4
D:14:     serial_bayou_pond_d, kennysheep_generic_room_15, uniq_snorg
D:15:     hangedman_depths_entry_try_elsewhere_first, serial_bayou_pond_a,
          serial_bayou, serial_bayou_lagoon_b, serial_bayou_pond_d,
          serial_bayou_lagoon_a, serial_bayou_pond_b, pond
Temple:   nicolae_temple_elliptical
Lair:1:   uniq_nergalle
Lair:2:   shoals_dummy_entry
Lair:3:   portal_ice_cave_rime, uniq_gastronok
Lair:4:   guppyfry_snake_entry_island, gammafunk_ghost_arena
Lair:5:   bh_autumn_forest_stairs, uniq_rupert
Lair:6:   gammafunk_lair_ancient_temple, minmay_slime_entry_pillars
Shoals:2: ldierk_geyser
Shoals:3: uniq_polyphemus
Shoals:4: shoals_end_grunt_garden
Snake:1:  uniq_frances
Snake:2:  basic_altar, serial_shops,
          nicolae_shop_temple_entry_statues_fountains, grunt_megastairs_3,
          basic_stair_grate_trap, lemuel_fruit_tree
Snake:3:  basic_altar
Snake:4:  snake_hunt, st_stairs_8, minmay_shop_star
Orc:1:    nicolae_orc_accident_3, serial_shops, nicolae_shop_stone
Orc:2:    st_orc_elflike, basic_altar, sword_in_stone
Vaults:1: v_misc_9, v_rooms_1, nicolae_vaults_network_quinsquares,
          grunt_vaults_hallway_long, vaults_mumra_hex, ontoclasm_vaults_chip
Vaults:2: nicolae_vaults_branching_niches, v_misc_28, nicolae_vaults_what_the_h,
          ontoclasm_vaults_pinch, v_misc_10, v_rooms_2, vaults_dpeg_doors,
          v_misc_10, hangedman_vaults_nails, nicolae_vaults_little_squares_4,
          nicolae_vaults_little_squares_2, vaults_room_semicircle, serial_shops,
          nicolae_shop_crystal, uniq_jory
Vaults:3: ebering_vaults_ghost_disaster_area, v_misc_13,
          nicolae_vaults_shelves_hall, minmay_crypt_entry_simple_sparse,
          nicolae_vaults_three_branches, nicolae_vaults_network_periphery,
          vaults_room_pools, nicolae_vaults_big_ls, v_misc_23,
          hangedman_vaults_restitches, v_pattern_3, hangedman_vaults_variations,
          vaults_room_fancy_cross, vaults_room_stairs_pillars, vaults_room_grid,
          uniq_sojobo
Crypt:1:  grunt_crypt_arrival_webbed
Crypt:3:  church_of_pain_bobbens
Lab:      nicolae_lab_diamond
Sewer:    sewer_big_baddie
IceCv:    ice_cave_small_demon

Skill      XL: |  1  2  3  4  5  6  7  8  9 10 11 12 13 14 15 16 17 18 |
---------------+-------------------------------------------------------+-----
Spellcasting   | 3 4 5 6 11 12 | 12.7
Air Magic      | 4 6 |  6.1
Fighting       | 3 6 7 10 11 12 | 12.1
Dodging        | 3 7 9 |  9.0
Summonings     | 2 3 |  3.0
Poison Magic   | 2 9 |  9.3
Translocations | 2 |  2.9
Conjurations   | 2 3 |  3.0
Staves         | 4 8 10 13 15 | 15.0
Evocations     | 4 5 6 |  6.1
Necromancy     | 3 5 |  5.4
Charms         | 3 |  3.8
Slings         | 7 10 12 | 12.5
Armour         | 1 5 |  5.1
Stealth        | 12 | 12.4
Long Blades    | 4 |  4.2

Action                   |  1- 3 |  4- 6 |  7- 9 | 10-12 | 13-15 | 16-18 || total
-------------------------+-------+-------+-------+-------+-------+-------++-------
Melee: Unarmed           |    18 |       |       |       |       |       ||    18
       Dagger            |     8 |     7 |       |       |       |       ||    15
       Quarterstaff      |       |    45 |   192 |   317 |   275 |       ||   829
       Constrict         |       |       |       |       |   192 |   136 ||   328
       Lajatang          |       |       |       |       |   657 |   788 ||  1445
Throw: Javelin           |       |       |       |       |    19 |     1 ||    20
       Throwing net      |       |       |       |       |       |     2 ||     2
 Cast: Shock             |    23 |    32 |    85 |     1 |       |       ||   141
       Call Imp          |       |     4 |       |     3 |       |       ||     7
       Mephitic Cloud    |       |     1 |       |    21 |    16 |    11 ||    49
       Airstrike         |       |       |     3 |     8 |     1 |       ||    12
       Olgreb's Toxic Ra |       |       |       |    43 |    62 |     5 ||   110
       Blink             |       |       |       |     8 |    17 |     4 ||    29
       Swiftness         |       |       |       |     1 |       |       ||     1
       Regeneration      |       |       |       |       |    77 |    42 ||   119
       Conjure Flame     |       |       |       |       |     2 |     1 ||     3
       Animate Dead      |       |       |       |       |       |     3 ||     3
       Apportation       |       |       |       |       |       |     1 ||     1
Invok: Sacrifice Resista |       |       |     1 |       |       |       ||     1
       Reject Sacrifices |       |       |       |     1 |     1 |     1 ||     3
       Draw Out Power    |       |       |       |       |    26 |    13 ||    39
       Sacrifice Words   |       |       |       |       |     1 |       ||     1
       Sacrifice Drink   |       |       |       |       |     1 |       ||     1
       Apocalypse        |       |       |       |       |       |     7 ||     7
 Abil: Spit Poison       |    26 |    13 |    16 |       |       |       ||    55
       Breathe Poison Ga |       |       |     7 |    25 |    22 |     7 ||    61
Evoke: Wand              |       |       |     1 |    11 |    27 |     6 ||    45
       Lamp of fire      |       |       |       |       |     3 |     3 ||     6
  Use: Scroll            |       |     5 |    11 |     8 |    12 |     8 ||    44
       Potion            |       |       |     3 |     2 |     3 |     1 ||     9
 Stab: Sleeping          |     1 |     1 |     3 |     4 |     4 |     7 ||    20
       Invisible         |       |       |     2 |       |    15 |    20 ||    37
       Distracted        |       |       |     1 |     1 |     3 |    10 ||    15
       Confused          |       |       |       |    11 |     8 |     6 ||    25
       Paralysed         |       |       |       |     2 |     3 |    14 ||    19
       Petrified         |       |       |       |     1 |     2 |       ||     3
       Petrifying        |       |       |       |       |     2 |       ||     2
  Eat: Chunk             |       |     3 |     8 |    14 |    22 |     5 ||    52
       Ration            |       |       |     1 |     4 |     9 |     6 ||    20
Armor: Robe              |    14 |    42 |       |       |    20 |       ||    76
       Troll leather arm |       |     6 |    90 |    81 |   285 |   297 ||   759
       Ice dragon scales |       |       |       |       |     2 |       ||     2
Dodge: Dodged            |    33 |    51 |   124 |   126 |   506 |   360 ||  1200
       Deflected         |     3 |       |     4 |     6 |    58 |    39 ||   110
Block: Other             |     3 |     8 |     6 |    19 |    44 |    32 ||   112
       Reflection        |       |       |       |     2 |     6 |     1 ||     9

Table legend:
 A = Non-vault XP
 B = Vault XP
 C = Vault XP percentage of total XP
 D = Non-vault monster count
 E = Vault monster count
 F = Vault count percentage of total count
                 A         B        C        D         E       F
            +---------+---------+-------+---------+---------+-------
      Total |  144569 |  115816 |  44.5 |     568 |     246 |  30.2
            +---------+---------+-------+---------+---------+-------
        D:1 |      12 |       0 |   0.0 |       7 |       0 |   0.0
        D:2 |      43 |      15 |  25.9 |      12 |       8 |  40.0
        D:3 |      54 |      48 |  47.1 |      10 |       1 |   9.1
        D:4 |     254 |       0 |   0.0 |       8 |       0 |   0.0
        D:5 |     675 |      17 |   2.5 |      18 |       3 |  14.3
        D:6 |    1185 |      89 |   7.0 |      18 |       2 |  10.0
        D:7 |     501 |       0 |   0.0 |      13 |       0 |   0.0
        D:8 |    1332 |    2539 |  65.6 |      10 |       8 |  44.4
        D:9 |    1509 |    1551 |  50.7 |      16 |      11 |  40.7
       D:10 |    1812 |     209 |  10.3 |      34 |       1 |   2.9
       D:11 |    2898 |    1212 |  29.5 |      24 |       2 |   7.7
       D:12 |    2856 |       0 |   0.0 |      16 |       0 |   0.0
       D:13 |    3474 |    2613 |  42.9 |      20 |       4 |  16.7
       D:14 |    4280 |    1213 |  22.1 |      17 |       1 |   5.6
       D:15 |      93 |       0 |   0.0 |       2 |       0 |   0.0
     Temple |      32 |       0 |   0.0 |       1 |       0 |   0.0
     Lair:1 |     699 |       0 |   0.0 |       2 |       0 |   0.0
     Lair:2 |    3313 |       0 |   0.0 |      12 |       0 |   0.0
     Lair:3 |    2664 |    2947 |  52.5 |       8 |       3 |  27.3
     Lair:4 |    4631 |     486 |   9.5 |      19 |       3 |  13.6
     Lair:5 |    4079 |    2936 |  41.9 |      18 |       1 |   5.3
     Lair:6 |   14675 |    8275 |  36.1 |      55 |      27 |  32.9
   Shoals:1 |    6215 |       0 |   0.0 |      13 |       0 |   0.0
   Shoals:2 |    6139 |    1811 |  22.8 |      12 |       2 |  14.3
   Shoals:3 |    6630 |    5417 |  45.0 |      15 |       5 |  25.0
   Shoals:4 |   13430 |   14277 |  51.5 |      30 |      24 |  44.4
    Snake:1 |    2588 |       0 |   0.0 |       6 |       0 |   0.0
    Snake:2 |    2306 |    5974 |  72.1 |       4 |       7 |  63.6
    Snake:3 |    8450 |       0 |   0.0 |      13 |       0 |   0.0
    Snake:4 |    5430 |   29967 |  84.7 |      16 |      45 |  73.8
      Orc:1 |    2427 |    2536 |  51.1 |      41 |      10 |  19.6
      Orc:2 |    5513 |    9117 |  62.3 |      26 |      30 |  53.6
   Vaults:1 |    5462 |    1434 |  20.8 |       6 |       3 |  33.3
   Vaults:2 |   10359 |    7125 |  40.8 |      16 |       2 |  11.1
   Vaults:3 |    7874 |    8968 |  53.2 |      14 |       8 |  36.4
    Crypt:1 |     582 |       0 |   0.0 |       3 |       0 |   0.0
    Crypt:2 |    8005 |       0 |   0.0 |      11 |       0 |   0.0
    Crypt:3 |     849 |       0 |   0.0 |       1 |       0 |   0.0
        Lab |    1239 |     246 |  16.6 |       1 |       2 |  66.7
      Sewer |       0 |     107 | 100.0 |       0 |       6 | 100.0
      IceCv |       0 |    4687 | 100.0 |       0 |      27 | 100.0
            +---------+---------+-------+---------+---------+-------
